 Dungeon Crawl Stone Soup version 0.31.0-11-ge490571c62 (webtiles) character file.

Game seed: 9993092390967370856

54 qw the Shooter (level 3, -2/18 HPs)
             Began as a Spriggan Hunter on Feb 4, 2024.
             Frozen to death by an endoplasm (4 damage)
             ... on level 2 of the Dungeon.
             The game lasted 00:00:44 (1353 turns).

qw the Shooter (Spriggan Hunter)                    Turns: 1353, Time: 00:00:44

Health: -2/18      AC:  5    Str:  7    XL:     3   Next: 66%
Magic:  4/4        EV: 19    Int: 10    God:
Gold:   90         SH:  0    Dex: 20    Spells: 2/2 levels left

rFire   . . .        a - +0 shortbow
rCold   . . .        (shield currently unavailable)
rNeg    . . .        c - +0 robe
rPois   .            (helmet restricted)
rElec   .            e - +2 cloak
rCorr   .            (gloves unavailable)
SInv    +            (boots unavailable)
Will    .....        (no amulet)
Stlth   ++           (no ring)
HPRegen 0.23/turn    (no ring)
MPRegen 0.09/turn

%: no passive effects
@: about to teleport, very quick
A: very small, no large weapons, unfitting armour, see invisible, speed 3
a: no special abilities


You were on level 2 of the Dungeon.
You visited 1 branch of the dungeon, and saw 3 of its levels.

You collected 90 gold pieces.


Innate Abilities, Weirdness & Mutations

You are very small and have problems with some larger weapons.
You are too small for most types of armour.
You have supernaturally acute eyesight. (SInv)
You cover ground extremely quickly. (Speed+++)


   Skills:
 - Level 1.5 Fighting
 + Level 4.9 Ranged Weapons
 - Level 4.0 Dodging
 - Level 1.5 Stealth


You had 2 spell levels left.
You didn't know any spells.
Your spell library was empty.

Inventory:

Hand Weapons
 a - a +0 shortbow (weapon)
Armour
 c - a +0 robe (worn)
 e - a +2 cloak (worn)
Potions
 b - a potion of cancellation {unknown}
 j - a potion of magic {unknown}

Dungeon Overview and Level Annotations

Branches:
Dungeon (3/15)

Altars:
The Shining One


Message History

The endoplasm barely misses you.
You shoot an arrow. The arrow hits the endoplasm!
You kill the endoplasm!
You start resting.
HP restored.
You climb downwards.
The endoplasm hits you but does no damage.
The endoplasm closely misses you. The scorpion zombie closely misses you.
The hobgoblin hits you but does no damage.
The endoplasm freezes you.
You are frozen.
The hobgoblin misses you. The endoplasm freezes you.
You are frozen.
The scorpion zombie misses you.
There is a stone staircase leading up here.
1347 ||| STAIRDANCE The endoplasm freezes you.
You are frozen.
The hobgoblin hits you. The endoplasm completely misses you.
The scorpion zombie misses you.
You climb upwards.
There is a stone staircase leading down here.
You shoot an arrow. The arrow hits the endoplasm!
You kill the endoplasm!
The endoplasm closely misses you. The hobgoblin closely misses you.
You shoot an arrow.
The arrow hits the endoplasm but does no damage.
The endoplasm freezes you.
You are frozen.
The hobgoblin barely misses you.
You shoot an arrow.
The arrow hits the endoplasm but does no damage.
The endoplasm hits you but does no damage.
The hobgoblin completely misses you.
You shoot an arrow. The arrow hits the endoplasm.
The endoplasm is moderately wounded.
The endoplasm closely misses you. The hobgoblin hits you.
1353 ||| READING scroll of teleportation.
As you read the scroll of teleportation, it crumbles to dust.
You feel strangely unstable. The endoplasm freezes you.
You are frozen.
You die...

#..#######.#####.##......
#.[# #..[.......##.##
#..# #######.##.##¤# #..#
#.##....#
#.)#############.##.._.#
#.>.(............##..¤.##
#..#################.#.#.
#......########## #.#..#
#......g@##..)..####...#.
#......J.##.###.......##.
#...........# #.#####.##.
##.#.....##.###.# #.##.
#.#.....##.....#####.##.
#.###.####..#####.......
#.# #.# ##.# #.##.### #.#
#.## #.# #.##.... #.#
#¤¤# #.#####.######


You could see an endoplasm and a hobgoblin.

Vanquished Creatures
  An adder (D:2)
  A dart slug (D:2)
  A ribbon worm (D:2)
  5 ball pythons
  7 endoplasms
  A giant cockroach (D:2)
  6 goblins
  3 hobgoblins
  A quokka (D:2)
  A bat (D:2)
  5 kobolds
  5 rats
37 creatures vanquished.

Notes
Turn   | Place    | Note
-------+----------+-------------------------------------------
     0 | D:1      | qw the Spriggan Hunter began the quest for the Orb.
     0 | D:1      | Reached XP level 1. HP: 10/10 MP: 2/2
     0 | D:1      | 0 ||| qw: Version: 0.3-a-160-g6735b56
     0 | D:1      | 0 ||| qw: Game counter: 6032
     0 | D:1      | 0 ||| qw: Melee chars always use a shield: true
     0 | D:1      | 0 ||| qw: God list: Okawaru
     0 | D:1      | 0 ||| qw: Allow faded altars: false
     0 | D:1      | 0 ||| qw: Do Orc after clearing Dungeon:15 true
     0 | D:1      | 0 ||| qw: Do second Lair branch before Depths: true
     0 | D:1      | 0 ||| qw: Lair rune preference: random
     0 | D:1      | 0 ||| qw: Goals: Normal
     0 | D:1      | 0 ||| PLANNING D:1-11
     1 | D:1      | Found a glowing golden altar of the Shining One.
   197 | D:1      | Reached skill level 3 in Dodging
   266 | D:1      | Reached XP level 2. HP: 14/14 MP: 3/3
   631 | D:1      | 631 ||| UPGRADING to +2 cloak.
   636 | D:1      | 636 ||| READING scroll labelled PAILUWY XEGU.
   636 | D:1      | 636 ||| IDENTIFYING lumpy clear potion
   637 | D:1      | 637 ||| READING scroll labelled ZULOXI VOZECW.
   638 | D:1      | 638 ||| READING 2 scrolls labelled UGIPSA EBUSS.
   642 | D:1      | 642 ||| DRINKING 2 fizzy ruby potions.
   643 | D:1      | 643 ||| DROPPING scroll of butterflies.
   644 | D:1      | 644 ||| DROPPING potion of degeneration.
   645 | D:1      | 645 ||| DROPPING potion of attraction.
   675 | D:2      | Found a faded altar of an unknown god.
   785 | D:2      | Reached XP level 3. HP: 18/18 MP: 4/4
   944 | D:2      | 944 ||| DROPPING +1 antimagic sling.
  1312 | D:2      | 1312 ||| READING scroll labelled MAETORGHEUDGH.
  1313 | D:2      | 1313 ||| READING scroll labelled OFUABI CUDAILO.
  1313 | D:2      | 1313 ||| ENCHANTING +0 shortbow.
  1314 | D:2      | 1314 ||| READING scroll labelled CAPSOG MAHIEM.
  1328 | D:3      | 1328 ||| STAIRDANCE
  1347 | D:3      | 1347 ||| STAIRDANCE
  1352 | D:2      | HP: 2/18 [hobgoblin (4)]
  1353 | D:2      | 1353 ||| READING scroll of teleportation.
  1353 | D:2      | Frozen to death by an endoplasm

Levels and vault maps discovered:
D:1:      sevenhm_arrival_forest_fort_small_6, layout_loops_ring,
          minmay_tetromino_s2
D:2:      minmay_spotlight, layout_loops_ring, ebering_ecumenical_altar_mist
D:3:      layout_rooms, hellmonk_sif_muna_bookshelves, serial_undead,
          serial_undead_c, serial_undead_e, serial_undead_f, serial_undead_a,
          minmay_surrounded

Skill      XL: |  1  2 |
---------------+-------+-----
Dodging        | 3 4 |  4.0
Fighting       | |  1.5
Ranged Weapons | |  4.9
Stealth        | |  1.5

Action                     || total
---------------------------++-------
   Fire: Shortbow          ||    91
    Use: Scroll            ||     7
         Potion            ||     1
 Armour: Robe              ||     8
  Dodge: Dodged            ||    26

Table legend:
 A = Non-vault XP
 B = Vault XP
 C = Vault XP percentage of total XP
 D = Non-vault monster count
 E = Vault monster count
 F = Vault count percentage of total count
                 A         B        C        D         E       F
            +---------+---------+-------+---------+---------+-------
      Total |      60 |      18 |  23.1 |      27 |      10 |  27.0
            +---------+---------+-------+---------+---------+-------
        D:1 |      19 |       2 |   9.5 |      12 |       1 |   7.7
        D:2 |      41 |      16 |  28.1 |      15 |       9 |  37.5
            +---------+---------+-------+---------+---------+-------
